 Dungeon Crawl Stone Soup version 0.29.1-13-g9f3cf754e1 (webtiles) character file.

Game seed: 11590417968776597457

472 Heoruswealwe the Grave Robber (level 6, -3/34 HPs)
             Began as a Deep Elf Necromancer on Feb 10, 2023.
             Slain by Natasha (9 damage)
             ... on level 2 of the Dungeon.
             The game lasted 00:44:15 (3115 turns).

Heoruswealwe the Grave Robber (DENe)                Turns: 3115, Time: 00:44:16

Health: -3/34      AC:  0    Str:  5    XL:     6   Next: 83%
Magic:  12/13      EV: 15    Int: 22    God:
Gold:   143        SH:  0    Dex: 15    Spells: 8/12 levels left

rFire   . . .      SeeInvis .   (weapon currently unavailable)
rCold   . . .      Faith    .   (shield currently unavailable)
rNeg    . . .      Spirit   .   (body armour currently unavailable)
rPois   .          Reflect  .   (helmet currently unavailable)
rElec   .          Harm     .   (cloak currently unavailable)
rCorr   .          Rampage  .   (gloves currently unavailable)
Will    .....                   (boots currently unavailable)
Stlth   ++........              (no amulet)
HPRegen 0.11/turn               (ring currently unavailable)
MPRegen 0.13/turn               (ring currently unavailable)

@: pig-form, slowed
A: fast, no casting, small
a: no special abilities


You were on level 2 of the Dungeon.
You were a filthy swine.
You visited 1 branch of the dungeon, and saw 4 of its levels.

You collected 143 gold pieces.

Inventory:

Hand Weapons
 e - a +0 club
 g - a +0 dagger
 i - a +3 dagger (melded)
 j - a +0 dagger
 o - a +0 short sword
 v - a +0 dagger
 x - a +2 whip of distortion
 z - a +0 hand axe
 E - a +0 scythe
 H - a +0 short sword
 I - a +0 club
 K - a +0 dagger
 M - a +0 hand axe
 O - a +0 dagger
 R - a +0 club
 V - a +0 dagger
 W - a +0 sling
 Y - a +0 hand axe
Missiles
 c - 52 stones
 w - 5 boomerangs
 G - 5 poisoned darts
 X - 3 silver boomerangs
Armour
 a - a +0 robe
 f - a +0 ring mail
 k - an orb of light (melded)
 m - a +0 helmet
 s - a +0 ring mail
 t - a +1 helmet
 y - a +0 robe
 C - a +2 hat (melded)
 D - a +0 ring mail
 F - a +0 robe (melded)
 L - a +1 leather armour of willpower
 P - a scarf of shadows
 S - a +0 ring mail
 Z - a +0 ring mail
Wands
 J - a wand of polymorph (3)
Scrolls
 d - 4 scrolls of blinking {unknown}
 l - 7 scrolls of identify {unknown}
 p - a scroll of immolation {unknown}
 q - a scroll of teleportation {unknown}
 r - a scroll of silence {unknown}
 u - a scroll of vulnerability {unknown}
 A - a scroll of enchant armour {unknown}
 T - a scroll of noise {unknown}
 U - a scroll of acquirement {unknown}
Potions
 b - a potion of might {unknown}
 h - a potion of cancellation {unknown}
 n - a potion of attraction {unknown}
 B - a potion of haste
 N - a potion of curing {unknown}
 Q - a potion of lignification {unknown}


   Skills:
 + Level 1.2 Fighting
 + Level 1.6 Short Blades
 + Level 3.2 Dodging
 + Level 3.4 Stealth
 - Level 3.9 Spellcasting
 - Level 1.1 Conjurations
 - Level 1.2 Hexes
 - Level 1.7 Summonings
 - Level 5.3 Necromancy
 - Level 1.1 Translocations
 - Level 1.2 Transmutations
 - Level 1.0 Fire Magic
 - Level 0.9 Ice Magic
 - Level 1.3 Air Magic
 - Level 1.0 Earth Magic
 - Level 1.2 Poison Magic
 + Level 1.9 Invocations
 + Level 1.8 Evocations


You had 8 spell levels left.
You knew the following spells:

 Your Spells              Type           Power      Damage    Failure   Level
a - Necrotise             Necr           100%       1d9       1%          1
b - Vampiric Draining     Necr           27%        2d7       3%          3

Your spell library contained the following spells:

 Spells                   Type           Power      Damage    Failure   Level
 Static Discharge         Conj/Air       9%         3-5/arc   11%         2
 Animate Dead             Necr           27%        N/A       12%         4
 Ozocubu's Armour         Ice            8%         N/A       22%         3
 Agony                    Necr           27%        N/A       34%         5
 Lightning Bolt           Conj/Air       4%         1d16      88%         5
 Ozocubu's Refrigeration  Ice            4%         4d8       100%        7
 Maxwell's Capacitive Co  Air            5%         ∞         100%        8


Dungeon Overview and Level Annotations

Branches:
Dungeon (4/15)
 Temple: D:4-7

Altars:
Hepliaklqana
Trog

Annotations:
D:2 Natasha


Message History

You kill the ogre!
You feel life coursing into your body.
You see here a +2 antimagic short sword.
Things that are here:
a +0 giant club; an ogre corpse You can't carry that many items.
There is a stone staircase leading up here.
You climb upwards.
There is a stone staircase leading down here.
There is a stone staircase leading up here.
You climb upwards.
There is a stone staircase leading down here.
There is a stone staircase leading up here.
You climb upwards.
There is a stone staircase leading down here.
There is a shaft here.
You fall into a shaft and drop 1 floor!
The shaft crumbles and collapses.
Natasha, Servant of Life and Death comes into view.
She is carrying a wand of polymorph (4).
Natasha hisses angrily.
Natasha casts a spell at you. The magic dart hits you!
Natasha zaps a wand.
You turn into a filthy swine.
Your +3 dagger melds into your body.
Your +2 hat melds into your body.
Your orb of light melds into your body.
Your +0 robe melds into your body.
Natasha mumbles some strange words.
You closely miss Natasha.
Natasha drinks a potion.
Natasha seems to speed up.
You closely miss Natasha. Natasha claws you.
You closely miss Natasha. Natasha claws you. Natasha closely misses you.
You hit Natasha but do no damage. Natasha misses you.
You hit Natasha but do no damage. Natasha casts a spell at you.
You resist with some effort.
You barely miss Natasha. Natasha closely misses you.
Natasha casts a spell at you.
You feel yourself slow down.
You barely miss Natasha. Natasha claws you! Natasha claws you.
* * * LOW HITPOINT WARNING * * *
You hit Natasha but do no damage. Natasha claws you!
You die...

#####............#
#......#########.# #.###..## #.#
#.# #...########.######
###.###.#...............##
.....##...###########....###
##......########5..........#
#............##h####....#.######
#####.#######.##h##
#.#..........
#.................#
#.#..........
#.....###.....##..#
#.#.......### #.###.#
#.........###...........# #.#
#.# #.........#...#.......#.#
#.# #.#
##...###..#.#.#.......#.# ..#
#.# ##.## #..#.#.#.......#.# ..#
#.# #.# #..#...####.####.# ..#
#.#####.# #..#...# #.# #..#


You could see an iron imp (summoned) and Natasha (fast).

Vanquished Creatures
  Sigmund (D:2)
  An ogre (D:4)
  A jelly (D:4)
  A hound (D:4)
  Natasha (D:2)
  Ijyb (D:3)
  5 adders
  3 worms
  A dart slug (D:3)
  2 orcs
  5 endoplasms
  3 giant cockroaches
  2 hobgoblins (D:1)
  7 jackals
  3 quokkas
  5 ball pythons
  5 bats
  4 frilled lizards
  4 goblins
  6 kobolds
  5 rats
66 creatures vanquished.

Vanquished Creatures (collateral kills)
  A dart slug (D:2)
  A kobold (D:1)
  A ball python (D:1)
  A rat (D:2)
4 creatures vanquished.

Vanquished Creatures (others)
  A fungus (D:1)
1 creature vanquished.

Grand Total: 71 creatures vanquished

Notes
Turn   | Place    | Note
-------+----------+-------------------------------------------
     0 | D:1      | Heoruswealwe the Deep Elf Necromancer began the quest for
                  | the Orb.
     0 | D:1      | Reached XP level 1. HP: 10/10 MP: 6/6
   446 | D:1      | Reached XP level 2. HP: 15/15 MP: 6/8
   698 | D:1      | Reached skill level 1 in Summonings
   895 | D:2      | Found a hazy altar of Hepliaklqana.
  1120 | D:2      | Reached XP level 3. HP: 19/19 MP: 3/9
  1144 | D:2      | Learned a level 3 spell: Vampiric Draining
  1426 | D:2      | Reached skill level 5 in Necromancy
  1435 | D:2      | Reached skill level 1 in Air Magic
  1501 | D:2      | Reached XP level 4. HP: 24/24 MP: 1/11
  1520 | D:2      | Noticed Natasha
  1531 | D:2      | Killed Natasha
  1585 | D:2      | Noticed Sigmund
  1592 | D:2      | Killed Sigmund
  1593 | D:2      | Reached skill level 1 in Short Blades
  1593 | D:2      | Reached skill level 1 in Conjurations
  1593 | D:2      | Reached skill level 1 in Hexes
  1593 | D:2      | Reached skill level 1 in Translocations
  1593 | D:2      | Reached skill level 1 in Transmutations
  1593 | D:2      | Reached skill level 1 in Earth Magic
  1593 | D:2      | Reached skill level 1 in Poison Magic
  1593 | D:2      | Reached skill level 1 in Invocations
  1593 | D:2      | Reached skill level 1 in Evocations
  1593 | D:2      | Reached XP level 5. HP: 25/28 MP: 2/12
  2029 | D:3      | Reached XP level 6. HP: 33/33 MP: 9/13
  2078 | D:3      | Noticed Ijyb
  2122 | D:3      | Killed Ijyb
  2123 | D:3      | Reached skill level 1 in Fire Magic
  2177 | D:3      | Found a faded altar of an unknown god.
  2249 | D:3      | Prayed at the altar of an unknown god.
  2249 | D:3      | Became a worshipper of Trog the Wrathful
  2249 | D:3      | Reached * piety under Trog
  2250 | D:3      | Fell from the grace of Trog
  2969 | D:4      | Reached skill level 1 in Fighting
  3086 | D:1      | You fall into a shaft and drop 1 floor!
  3103 | D:2      | Noticed Natasha
  3115 | D:2      | Slain by Natasha

Illustrated notes

Levels and vault maps discovered:
D:1:      onia_arrival_mini_maze, layout_basic, nrook_uturn, skrybe_limestone_x,
          minmay_misc_feat_more_columns
D:2:      layout_loops_ring, basic_altar, dk_noncrumbling_2, uniq_natasha,
          uniq_sigmund
D:3:      layout_loops_ring, ebering_ecumenical_altar_ruins,
          nicolae_elevator_lobby_asterisk, uniq_ijyb
D:4:      layout_loops_cross, minmay_temple_entry_glassed_door

Skill      XL: |  1  2  3  4  5  6 |
---------------+-------------------+-----
Summonings     | 1 |  1.7
Necromancy     | 5 |  5.3
Air Magic      | 1 |  1.3
Short Blades   | 1 |  1.6
Conjurations   | 1 |  1.1
Hexes          | 1 |  1.2
Translocations | 1 |  1.1
Transmutations | 1 |  1.2
Earth Magic    | 1 |  1.0
Poison Magic   | 1 |  1.2
Invocations    | 1 |  1.9
Evocations     | 1 |  1.8
Fire Magic     | 1 |  1.0
Stealth        | 3 |  3.4
Dodging        | 3 |  3.2
Fighting       | 1 |  1.2
Spellcasting   | |  3.9
Ice Magic      | |  0.9

Action                   |  1- 3 |  4- 6 || total
-------------------------+-------+-------++-------
Melee: Unarmed           |     6 |     8 ||    14
       Dagger            |     3 |    17 ||    20
 Cast: Necrotise         |    50 |     6 ||    56
       Vampiric Draining |     5 |    50 ||    55
Invok: Renounce Religion |       |     1 ||     1
  Use: Potion            |       |     1 ||     1
Armor: Robe              |     2 |    17 ||    19
       Skin              |       |     3 ||     3
Dodge: Dodged            |     9 |    61 ||    70
